 Dungeon Crawl Stone Soup version 0.29-a0-620-g13ace881f2 (webtiles) character file.

Game seed: 17050891930929953201

49 HoaS the Cudgeller (level 4, -4/30 (33) HPs)
             Began as a Formicid Gladiator on June 18, 2022.
             Slain by a gnoll
             ... wielding a +0 spear
              (9 damage)
             ... on level 2 of the Dungeon.
             The game lasted 00:03:12 (1513 turns).

HoaS the Cudgeller (Formicid Gladiator)             Turns: 1513, Time: 00:03:12

HP:   -4/30 (33)    AC:  3    Str: 18    XL:     4   Next: 1%
MP:   4/4           EV: 12    Int:  8    God:
Gold: 99            SH:  0    Dex: 17    Spells: 3/3 levels left

rFire   . . .      SeeInvis +   a - +0 flail
rCold   . . .      Faith    .   (no shield)
rNeg    . . .      Spirit   .   b - +0 leather armour
rPois   .          Reflect  .   (helmet unavailable)
rElec   .          Harm     .   (no cloak)
rCorr   .          Rampage  .   (no gloves)
Will    .....                   (no boots)
Stlth   +.........              (no amulet)
HPRegen 0.10/turn               m - ring of flight
MPRegen 0.09/turn               (no ring)

@: flying, drained
A: permanent stasis, dig shafts and tunnels, antennae 3, four strong arms
a: Dig, Shaft Self


You were on level 2 of the Dungeon.
You visited 1 branch of the dungeon, and saw 2 of its levels.

You collected 99 gold pieces.

Inventory:

Hand Weapons
 a - a +0 flail (weapon)
Missiles
 c - 3 throwing nets (quivered)
 d - a javelin
Armour
 b - a +0 leather armour (worn)
 i - a +0 chain mail
Jewellery
 m - a ring of flight (left hand)
Scrolls
 g - 3 scrolls of identify {unknown}
 j - 2 scrolls of blinking {unknown}
 k - 3 scrolls of teleportation {unknown}
Potions
 e - a potion of brilliance {unknown}
 f - a potion of attraction {unknown}
 h - a potion of heal wounds {unknown}
 l - a potion of haste {unknown}


   Skills:
 - Level 2.1 Fighting
 + Level 4.6 Maces & Flails
 - Level 2.0 Throwing
 - Level 2.6 Dodging


You had 3 spell levels left.
You didn't know any spells.
Your spell library contained the following spells:

 Spells                   Type           Power      Damage    Failure   Level
 Gell's Gravitas          Tloc           0%         N/A       83%         3
 Lesser Beckoning         Tloc           0%         N/A       83%         3
 Teleport Other           Tloc           0%         N/A       83%         3


Dungeon Overview and Level Annotations

Branches:
Dungeon (2/15)

Altars:
Ashenzari


Innate Abilities, Weirdness & Mutations

You cannot be hasted, slowed, berserked, paralysed or teleported.
You can dig through walls and to a lower floor.
You have a pair of large antennae on your head. (SInv)
Your four strong arms can wield two-handed weapons with a shield.


Message History

The gnoll shouts!
The gnoll shouts!
The gnoll hits you from afar with a +0 spear.
The gnoll hits you with a +0 flail! The gnoll closely misses you.
The gnoll attacks as you move away! The gnoll barely misses you.
The gnoll hits you from afar with a +0 spear.
You are too injured to fight recklessly!
You are too injured to fight recklessly!
You are too injured to fight recklessly!
You are too injured to fight recklessly!
You are too injured to fight recklessly!
You are too injured to fight recklessly!
You extend your mandibles.
You dig through the rock wall.
You feel drained. The gnoll attacks as you move away!
The gnoll barely misses you.
You dig through the rock wall.
You feel drained. The gnoll attacks as you move away!
The gnoll closely misses you.
You dig through the rock wall.
You feel drained.
You retract your mandibles.
You are too injured to fight recklessly!
You are too injured to fight recklessly!
You are too injured to fight recklessly!
You are too injured to fight recklessly!
You are too injured to fight recklessly!
You hit the gnoll.
The gnoll is heavily wounded.
The gnoll hits you with a +0 flail. The gnoll hits you but does no damage.
You thump the gnoll!
You kill the gnoll!
You have reached level 4!
You feel clever.
You hit the gnoll.
The gnoll is lightly wounded.
The gnoll hits you with a +0 spear.
* * * LOW HITPOINT WARNING * * *
You sock the gnoll!
The gnoll is severely wounded.
The gnoll hits you with a +0 spear!
You die...

####.##.########...#
##..##.##.......#.#
##..###....#######.#
.........##........#
.##.........########
..#.###.##### ....#
#.## .#..# #[.# ###
....# ##.## #@##
..#.# #..## ##g#
..#.#####..#####{####
...#...........#....#
#.###..........#gg..#
{#######..#......#
#.###.....#
###.####....#
#.....##....#


You could see a gnoll.

Vanquished Creatures
  A gnoll (D:2)
  A dart slug (D:1)
  3 bats
  2 endoplasms
  A giant cockroach (D:2)
  7 goblins
  4 hobgoblins
  A quokka (D:1)
  4 ball pythons
  A frilled lizard (D:1)
  5 kobolds (D:1)
  3 rats
33 creatures vanquished.

Notes
Turn   | Place    | Note
-------+----------+-------------------------------------------
     0 | D:1      | HoaS the Formicid Gladiator began the quest for the Orb.
     0 | D:1      | Reached XP level 1. HP: 16/16 MP: 1/1
   102 | D:1      | Reached XP level 2. HP: 18/22 MP: 2/2
   686 | D:1      | Reached skill level 4 in Maces & Flails
   686 | D:1      | Reached XP level 3. HP: 26/27 MP: 3/3
  1336 | D:2      | Found a broken altar of Ashenzari.
  1512 | D:2      | Reached XP level 4. HP: 10/30 MP: 4/4
  1513 | D:2      | Slain by a gnoll

Illustrated notes

Levels and vault maps discovered:
D:1:      dpeg_arrival_arbitrary_b, layout_basic
D:2:      minmay_inner_zag, layout_rooms, dilly_ecumenical_altar_fadedgnrine,
          basic_altar

Skill      XL: |  1  2 |
---------------+-------+-----
Maces & Flails | 4 |  4.6
Fighting       | |  2.1
Throwing       | |  2.0
Dodging        | |  2.6

Action                   |  1- 3 |  4- 6 || total
-------------------------+-------+-------++-------
Melee: Flail             |    78 |     2 ||    80
       Punch             |     1 |       ||     1
 Abil: Dig               |     2 |       ||     2
 Stab: Sleeping          |     1 |       ||     1
Armor: Leather armour    |    21 |       ||    21
Dodge: Dodged            |    58 |       ||    58

Table legend: (Time is in decaauts)
 A = Elapsed time spent in this place.
 B = Non-inter-level travel time spent in this place.
 C = Inter-level travel time spent in this place.
 D = Time resting spent in this place.
 E = Time spent auto-exploring this place.
 F = Levels seen in this place.
 G = Mean time per level.
                   A        B        C        D        E       F      G
               +--------+--------+--------+--------+--------+-----+--------+
         Total |   1528 |   1449 |     79 |    178 |    997 |   2 |  764.0 |
       Dungeon |   1528 |   1449 |     79 |    178 |    997 |   2 |  764.0 |
               +--------+--------+--------+--------+--------+-----+--------+

Top non-repeatable levels by time:
     D:1: 1259 daAuts
     D:2: 269 daAuts
